 Dungeon Crawl Stone Soup version 0.17-a0-1831-gaadb308 (webtiles) character file.

31 Syzygian the Firebug (level 2, 0/20 HPs)
             Began as a Demigod Fire Elementalist on Sept 14, 2015.
             Slain by Robin
             ... wielding a +0 dagger
              (2 damage)
             ... on level 2 of the Dungeon.
             The game lasted 00:18:39 (1631 turns).

Syzygian the Firebug (Demigod Fire Elementalist)    Turns: 1631, Time: 00:18:39

Health: 0/20       AC:  3    Str: 11    XL:     2   Next: 90%
Magic:  0/7        EV: 12    Int: 19    God:
Gold:   38         SH:  0    Dex: 16    Spells: 1 memorised, 3 levels left

rFire  x . .     SeeInvis .     l - +0 short sword {Alagog}
rCold  + . .     Clarity  .     v - +0 leather armour
rNeg   . . .     SustAt   +     (no shield)
rPois  .         Gourm    .     (no helmet)
rElec  .         Spirit   .     (no cloak)
rCorr  .         Warding  .     (no gloves)
rMut   .         Stasis   .     (no boots)
MR     .....                    (no amulet)
Stlth  +.........               q - ring of loudness (curse)
                                m - ring of ice

@: not resistant to hostile enchantments, very unstealthy
A: high mp 1, sustain attributes
a: no special abilities


You were on level 2 of the Dungeon.
You were not hungry.

You visited 1 branch of the dungeon, and saw 2 of its levels.

You collected 38 gold pieces.

Inventory:

Hand weapons
 e - a +0 dagger
 h - a +0 dagger
 l - a +0 short sword (weapon) {Alagog}
 n - a +0 club
 t - a +0 short sword
Missiles
 j - 24 sling bullets
 k - 5 large rocks
 o - 27 arrows
 p - 13 stones (quivered)
Armour
 a - a +0 robe
 v - a +0 leather armour (worn)
Jewellery
 m - a ring of ice (left hand)
 q - a cursed ring of loudness (right hand)
Scrolls
 d - a scroll of identify {unknown}
 f - a scroll of amnesia {unknown}
 i - 2 scrolls of enchant weapon {unknown}
 s - a scroll of enchant armour {unknown}
Potions
 r - a potion of ambrosia {unknown}
 u - a potion of agility
Books
 b - a book of Flames

   Spells                             Type                      Level
   a - Flame Tongue                   Conjuration/Fire             1
   b - Throw Flame                    Conjuration/Fire             2
   c - Conjure Flame                  Conjuration/Fire             3
   d - Inner Flame                    Hexes/Fire                   3
   e - Sticky Flame                   Conjuration/Fire             4
   f - Fireball                       Conjuration/Fire             5
Comestibles
 c - 2 bread rations
 g - a meat ration


   Skills:
 + Level 0.1 Fighting
 + Level 2.2 Dodging
 + Level 2.1 Stealth
 + Level 1.7 Spellcasting
 + Level 1.1 Conjurations
 + Level 3.2 Fire Magic


You had 3 spell levels left.
You knew the following spells:

 Your Spells              Type           Power        Failure   Level  Hunger
a - Flame Tongue          Conj/Fire      #....        12%         1    #......


Dungeon Overview and Level Annotations

Branches:
Dungeon (2/15)

Annotations:
D:2 Robin


Innate Abilities, Weirdness & Mutations

You have an increased reservoir of magic (+10% MP).
Your attributes are resistant to harm.


Message History

Casting: Flame Tongue
Confirm with . or Enter, or press ? or * to list all spells.
Aiming: Flame Tongue
Press: ? - help, Shift-Dir - straight line, f/p - Robin
Aim: Robin, wielding a dagger, wearing an animal skin and wearing a helmet (moderately wounded)
You feel a numb sensation.
The flame tongue misses Robin.
Robin hits you but does no damage.
Casting: Flame Tongue
Confirm with . or Enter, or press ? or * to list all spells.
You don't have enough magic to cast that spell.
Unknown command.
Casting: Flame Tongue
Confirm with . or Enter, or press ? or * to list all spells.
You don't have enough magic to cast that spell.
Robin barely misses you. Robin closely misses you.
Robin says, "Duck!"
Your magical contamination has completely faded away.
Robin hits you with a dagger.
You die...

#<..####.#...
###.#g#
#.####.#
....#.# ...
.. ...###.#
###. # #.#.#
#.# .# # #.#
#.# # #.# #.#
#.# #.#
#####@# #)#
#...g.# #)#
#.#######.#
#.......).#
###########


You could see Robin.

Vanquished Creatures
  An ooze (D:1)
  5 bats
  3 giant cockroaches
  9 goblins
  A jackal (D:1)
  3 kobolds (D:1)
  A giant newt (D:1)
  5 rats (D:1)
28 creatures vanquished.

Notes
Turn   | Place    | Note
--------------------------------------------------------------
     0 | D:1      | Syzygian the Demigod Fire Elementalist began the quest for the Orb.
     0 | D:1      | Reached XP level 1. HP: 14/14 MP: 5/5
   340 | D:1      | Reached skill level 3 in Fire Magic
   600 | D:1      | Reached XP level 2. HP: 20/20 MP: 4/7
  1156 | D:1      | Reached skill level 1 in Conjurations
  1574 | D:2      | Noticed Robin
  1613 | D:2      | HP: 1/20 [goblin/dagger[Robin] (2)]
  1631 | D:2      | Slain by Robin

Vault maps used:
D:1:      dpeg_arrival_rooms_a, monster_avoids_cloud
D:2:      uniq_sigmund, uniq_robin

Action                   || total
-------------------------++-------
Melee: Dagger            ||    14
       Unarmed           ||    12
       Short sword       ||    23
 Cast: Flame Tongue      ||    25
  Eat: Meat ration       ||     1
